 Dungeon Crawl Stone Soup version 0.31.0-9-g3a7656b989 (webtiles) character file.

Game seed: 8504519242067889128

15 qw the Shooter (level 2, -3/14 HPs)
             Began as a Spriggan Hunter on Feb 2, 2024.
             Slain by a quokka (5 damage)
             ... on level 1 of the Dungeon.
             The game lasted 00:00:00 (300 turns).

qw the Shooter (Spriggan Hunter)                     Turns: 300, Time: 00:00:01

Health: -3/14      AC:  2    Str:  7    XL:     2   Next: 34%
Magic:  3/3        EV: 19    Int: 10    God:
Gold:   62         SH:  0    Dex: 18    Spells: 1/1 levels left

rFire   . . .        a - +0 shortbow
rCold   . . .        (shield currently unavailable)
rNeg    . . .        c - +0 robe
rPois   .            (helmet restricted)
rElec   .            (no cloak)
rCorr   .            (gloves unavailable)
SInv    +            (boots unavailable)
Will    .....        (no amulet)
Stlth   ++           (no ring)
HPRegen 0.22/turn    (no ring)
MPRegen 0.08/turn

%: no passive effects
@: very quick
A: very small, no large weapons, unfitting armour, see invisible, speed 3
a: no special abilities


You were on level 1 of the Dungeon.
You visited 1 branch of the dungeon, and saw 1 of its levels.

You collected 62 gold pieces.


Innate Abilities, Weirdness & Mutations

You are very small and have problems with some larger weapons.
You are too small for most types of armour.
You have supernaturally acute eyesight. (SInv)
You cover ground extremely quickly. (Speed+++)


   Skills:
 - Level 1.5 Fighting
 + Level 4.0 Ranged Weapons
 - Level 4.0 Dodging
 - Level 1.5 Stealth


You had one spell level left.
You didn't know any spells.
Your spell library was empty.

Inventory:

Hand Weapons
 a - a +0 shortbow (weapon)
Armour
 c - a +0 robe (worn)
Scrolls
 b - a scroll of butterflies
 d - a scroll of enchant weapon {unknown}
 e - a scroll of torment {unknown}
 f - a scroll of fog {unknown}
 g - a scroll of teleportation {unknown}
Potions
 h - a potion of heal wounds {unknown}
 i - a potion of ambrosia {unknown}

Dungeon Overview and Level Annotations

Branches:
Dungeon (1/15)

Altars:


Message History

You kill the rat!
A bat comes into view.
A ball python comes into view.
The goblin hits you with a +0 club.
The ball python moves out of view.
You shoot an arrow. The arrow hits the goblin!
You kill the goblin!
You hear an angry hiss. x2
The bat hits you.
A ball python comes into view.
A quokka comes into view.
The quokka moves out of view.
You shoot an arrow. The arrow hits the bat!
You kill the bat!
The ball python barely misses you. x2
Your Dodging skill increases to level 4!
You shoot an arrow. The arrow hits the ball python!
You kill the ball python!
The ball python completely misses you. x3; The ball python misses you.
You shoot an arrow.
The arrow closely misses the ball python.
The ball python misses you. The ball python grabs you.
The ball python constricts you.
You shoot an arrow. The arrow hits the ball python.
The ball python is heavily wounded.
The ball python closely misses you. The ball python constricts you.
The quokka misses you. The ball python bites you.
The ball python constricts you.
You shoot an arrow. The arrow hits the ball python!
You kill the ball python!
The quokka bites you. x2
You shoot an arrow.
The arrow hits the quokka but does no damage.
The quokka bites you.
You shoot an arrow. The arrow completely misses the quokka.
The quokka bites you but does no damage.
The quokka closely misses you.
You shoot an arrow. The arrow closely misses the quokka.
The quokka completely misses you.
You shoot an arrow. The arrow closely misses the quokka.
You hear a loud squeak.
The quokka bites you.
You die...

### #.###### #......# .
###..###.## ####
....###....# #..# #.. .
#.....@.##.##..# #.###
#....r%%# #....####....
#.##...##.##............
#... #...##.####..##
#.### #......####....
..# ...#.##.##...... ...
#..##.#.....##### .# #..
..........# ##.........


You could see a quokka.

Vanquished Creatures
  A dart slug (D:1)
  A goblin (D:1)
  A kobold (D:1)
  A quokka (D:1)
  2 ball pythons (D:1)
  4 bats (D:1)
  2 frilled lizards (D:1)
  A rat (D:1)
13 creatures vanquished.

Notes
Turn   | Place    | Note
-------+----------+-------------------------------------------
     0 | D:1      | qw the Spriggan Hunter began the quest for the Orb.
     0 | D:1      | Reached XP level 1. HP: 10/10 MP: 2/2
     0 | D:1      | 0 ||| qw: Version: 0.3-a-155-g5e7d8dd
     0 | D:1      | 0 ||| qw: Game counter: 1796
     0 | D:1      | 0 ||| qw: Melee chars always use a shield: true
     0 | D:1      | 0 ||| qw: God list: Okawaru
     0 | D:1      | 0 ||| qw: Allow faded altars: false
     0 | D:1      | 0 ||| qw: Do Orc after clearing Dungeon:15 true
     0 | D:1      | 0 ||| qw: Do second Lair branch before Depths: true
     0 | D:1      | 0 ||| qw: Lair rune preference: random
     0 | D:1      | 0 ||| qw: Goals: Normal
     0 | D:1      | 0 ||| PLANNING D:1-11
    64 | D:1      | Reached skill level 3 in Dodging
   288 | D:1      | Reached XP level 2. HP: 14/14 MP: 3/3
   296 | D:1      | HP: 2/14 [quokka (2)]
   300 | D:1      | Slain by a quokka

Levels and vault maps discovered:
D:1:      lemuel_arrival_lava_pool, layout_basic, chequers_mini_garden,
          minmay_vboxes

Skill      XL: |  1  2 |
---------------+-------+-----
Dodging        | 3 4 |  4.0
Fighting       | |  1.5
Ranged Weapons | |  4.0
Stealth        | |  1.5

Action                     || total
---------------------------++-------
   Fire: Shortbow          ||    28
 Armour: Robe              ||    12
  Dodge: Dodged            ||    14

Table legend:
 A = Non-vault XP
 B = Vault XP
 C = Vault XP percentage of total XP
 D = Non-vault monster count
 E = Vault monster count
 F = Vault count percentage of total count
                 A         B        C        D         E       F
            +---------+---------+-------+---------+---------+-------
      Total |      12 |      10 |  45.5 |       7 |       6 |  46.2
            +---------+---------+-------+---------+---------+-------
        D:1 |      12 |      10 |  45.5 |       7 |       6 |  46.2
            +---------+---------+-------+---------+---------+-------
